 Dungeon Crawl Stone Soup version 0.32-a0-30-gefbe487952 (webtiles) character file.

Game seed: 9279127071662444194

11398 Drazool the Summoner (level 11, -20/69 HPs)
             Began as an Octopode Summoner on Jan 19, 2024.
             Was a Follower of Sif Muna.
             Killed by the air
             ... invoked by Gastronok
              (37 damage)
             ... on level 11 of the Dungeon.
             The game lasted 01:23:46 (13076 turns).

Drazool the Summoner (Octopode Summoner)           Turns: 13076, Time: 01:23:47

Health: -20/69     AC:  1    Str: 13      XL:     11   Next: 77%
Magic:  28/38      EV: 33    Int: 18 (19) God:    Sif Muna [*.....]
Gold:   686        SH:  0    Dex: 27 (29) Spells: 8/22 levels left

rFire   + . .        m - +2 short sword (freeze)
rCold   + . .        (no shield)
rNeg    . . .        (helmet restricted)
rPois   +            t - amulet of the acrobat
rElec   +            W - ring of willpower
rCorr   +            k - ring of Relativism {^Contam Will++ MP+9 Str-3 Dex+9}
SInv    .            D - +6 ring of dexterity
Will    +++..        L - ring of flight
Stlth   +++++        j - ring "Kiboh" {MP+9 Dex+3 Slay+3}
HPRegen 0.31/turn    (no ring)
MPRegen 0.26/turn    (no ring)
                     (no ring)

%: acrobat
@: resistant, acrobatic, attractive, flying, inugami summoned
A: almost no armour, amphibious, 8 rings, camouflage 1, gelatinous body 1,
(nimble swimmer 1), tentacles, strong 2, persistent drain
a: Renounce Religion, Channel Magic


You were on level 11 of the Dungeon.
You worshipped Sif Muna.
Sif Muna was aware of your devotion.
You visited 2 branches of the dungeon, and saw 12 of its levels.

You collected 686 gold pieces.


Innate Abilities, Weirdness & Mutations

You cannot wear most types of armour.
You are amphibious.
You can wear up to eight rings at the same time.
Your skin changes colour to match your surroundings (Stealth+).
Your rubbery body absorbs attacks. (AC +1, EV +1)
((You are camouflaged when in or above water. (Stealth+)))
You have tentacles for arms and can constrict up to eight enemies at once.
Your muscles are very strong. (Str +8, Int/Dex -2)
Your health recovers twice as slowly from being drained.


   Skills:
 - Level 4.0 Fighting
 - Level 6.0 Dodging
 - Level 6.1 Stealth
 - Level 6.0 Spellcasting
 - Level 10.0 Summonings
 - Level 7.0 Fire Magic
 - Level 7.0 Air Magic
 - Level 5.0 Invocations
 + Level 5.1 Shapeshifting


You had 8 spell levels left.
You knew the following spells:

 Your Spells              Type           Power      Damage    Failure   Level
c - Call Imp              Summ           82%        N/A       1%          2
f - Call Canine Familiar  Summ           41%        N/A       1%          3
l - Summon Lightning Spi  Summ/Air       36%        N/A       3%          4
z - Summon Small Mammal   Summ           100%       N/A       1%          1
X - Summon Blazeheart Go  Fire/Summ      36%        N/A       3%          4

Your spell library contained the following spells:

 Spells                   Type           Power      Damage    Failure   Level
 Volatile Blastmotes      Fire/Tloc      36%        2d13      9%          3
 Apportation              Tloc           10%        N/A       12%         1
 Necrotise                Necr           20%        1d5       12%         1
 Sting                    Conj/Alch      20%        1d4       12%         1
 Dazzling Flash           Conj/Hex       10%        N/A       34%         3
 Gell's Gravitas          Tloc           5%         N/A       34%         3
 Stone Arrow              Conj/Erth      10%        3d7       34%         3
 Teleport Other           Tloc           5%         N/A       34%         3
 Tukima's Dance           Hex            5%         N/A       34%         3
 Animate Dead             Necr           5%         N/A       75%         4
 Dimensional Bullseye     Hex/Tloc       2%         N/A       75%         4
 Iskenderun's Mystic Bla  Conj/Tloc      5%         2d3       75%         4
 Borgnjor's Vile Clutch   Necr/Erth      2%         N/A       97%         5
 Starburst                Conj/Fire      9%         6d5       99%         6
 Death Channel            Necr           2%         N/A       100%        6
 Dispersal                Tloc           2%         N/A       100%        6
 Lehudib's Crystal Spear  Conj/Erth      2%         10d2      100%        8
 Maxwell's Capacitive Co  Air            15%        ∞         100%        8
 Animate Armour           Summ/Erth      Unusable   N/A       N/A         4

Inventory:

Hand Weapons
 b - a +3 whip of freezing
 m - a +2 short sword of freezing (weapon)
Missiles
 i - 2 throwing nets {=f}
Jewellery
 c - a ring of ice
 j - the ring "Kiboh" (on tentacle) {MP+9 Dex+3 Slay+3}
   (You found it on level 7 of the Dungeon)

   [ring of magical power]

   Dex+3:     It affects your dexterity (+3).
   Slay+3:    It affects your accuracy & damage with ranged weapons and melee
   (+3).
   MP+9:      It affects your magic capacity (+9).
 k - the ring of Relativism (right tentacle) {^Contam Will++ MP+9 Str-3 Dex+9}
   (You found it on level 2 of the Dungeon)

   [ring of magical power]

   Str-3:     It affects your strength (-3).
   Dex+9:     It affects your dexterity (+9).
   Will++:    It greatly increases your willpower.
   MP+9:      It affects your magic capacity (+9).
   ^Contam:   It causes magical contamination when unequipped.
 t - an amulet of the acrobat (around mantle)
 z - an amulet of magic regeneration
 C - a ring of ice
 D - a +6 ring of dexterity (on tentacle)
 L - a ring of flight (on tentacle)
 W - a ring of willpower (left tentacle)
Talismans
 G - a maw talisman
Wands
 h - a wand of iceblast (6)
 q - a wand of quicksilver (8)
 y - a wand of paralysis (7)
Scrolls
 d - 2 scrolls of enchant weapon
 f - a scroll of immolation
 o - a scroll of brand weapon {unknown}
 p - 2 scrolls of poison
 v - 2 scrolls of fog
 w - 3 scrolls of fear
 x - a scroll of noise {unknown}
 A - a scroll of blinking {unknown}
 E - 3 scrolls of teleportation {@r2}
 F - a scroll of identify {@r1}
Potions
 a - 3 potions of magic
 g - a potion of enlightenment
 n - a potion of degeneration
 r - a potion of cancellation
 s - 6 potions of brilliance
 B - a potion of might
Miscellaneous
 H - a tin of tremorstones (2/2)

Dungeon Overview and Level Annotations

Branches:
Dungeon (11/15)            Temple (1/1) D:5
   Lair: D:8-11         Orc: D:9-12

Altars:
Ashenzari
Cheibriados
Dithmenos
Elyvilon
Fedhas
Gozag
Hepliaklqana
Kikubaaqudgha
Makhleb
Nemelex Xobeh
Okawaru
Qazlal
Sif Muna
Trog
Uskayaw
Vehumet
Wu Jian
Xom
Yredelemnul
Zin
The Shining One

Shops:
D:3 (

Annotations:
D:11 exclusion: oklob plant, Gastronok

...........#
#.#
........#..
##########.#
#.#
#########.#
#.# #.#####
#.# ..#
#.....# #.#
.... #####.#
#.# ##...
#.# #.#
...#.#####.#
#.#
.#..#....#.#
P.##. #.@..#
#.h### #8w#
#..#
###..#####
#........#
#.##=.###.#
.. #..# ...
#..#


You could see Gastronok (ally target), a friendly lightning spire (summoned) and
a friendly inugami (summoned).


Message History

You kill the manticore!
Sif Muna accepts your kill.
You hear a horrible gurgling sound!
Your Shapeshifting skill increases to level 5!
It was a potion of attraction.
You feel attractive to monsters.
You start resting.
Your familiar recovers from its injuries.
You start resting.
Gastronok is attracted toward you.
Casting: Summon Blazeheart Golem (dangerous; 3% risk of failure)
Confirm with . or Enter, or press ? or * to list all spells.
An electric hum fills the air.
Casting: Summon Lightning Spire (dangerous; 3% risk of failure)
Confirm with . or Enter, or press ? or * to list all spells.
You call for your canine familiar and it appears with a howl!
Gastronok bites you!!
* * * LOW HITPOINT WARNING * * *
Unknown command.
Gastronok is attracted toward you.
Gastronok's mouth opens, radula flailing wildly.
Gastronok closely misses your inugami.
Your inugami hits Gastronok.
Unknown command.
Your inugami hits Gastronok but does no damage.
Unknown command.
Gastronok waves his eye-stalks in wide circles.
The air twists around and strikes you!!!
Ouch! That really hurt!
You die...
Gastronok gurgles, "Let's see if you taste as good as that wizard did."

Skill      XL: |  1  2  3  4  5  6  7  8  9 10 11 |
---------------+----------------------------------+-----
Summonings     | 5 6 7 10 | 10.0
Spellcasting   | 3 5 6 |  6.0
Fire Magic     | 3 5 7 |  7.0
Fighting       | 3 4 |  4.0
Dodging        | 3 4 6 |  6.0
Stealth        | 5 6 |  6.1
Invocations    | 5 |  5.0
Air Magic      | 2 7 |  7.0
Shapeshifting  | 5 |  5.1

Action                     |  1- 3 |  4- 6 |  7- 9 | 10-12 || total
---------------------------+-------+-------+-------+-------++-------
  Melee: Unarmed           |     3 |       |       |       ||     3
         Constrict         |     6 |     7 |     7 |     1 ||    21
         Whip              |    13 |     3 |       |       ||    16
         Tentacles         |     6 |     3 |     9 |     7 ||    25
         Short sword       |       |    23 |    30 |    23 ||    76
         Punch             |       |       |     1 |       ||     1
   Cast: Summon Small Mamm |    38 |    28 |    66 |     9 ||   141
         Call Imp          |     2 |     5 |     5 |       ||    12
         Call Canine Famil |     5 |    16 |    23 |    13 ||    57
         Summon Blazeheart |       |       |    25 |    44 ||    69
         Summon Lightning  |       |       |       |    15 ||    15
  Evoke: Wand              |       |       |     1 |     2 ||     3
    Use: Scroll            |       |     3 |     9 |     5 ||    17
         Potion            |       |       |     3 |     8 ||    11
   Stab: Distracted        |       |     1 |     2 |     1 ||     4
 Armour: Skin              |     7 |     7 |    35 |    56 ||   105
  Dodge: Dodged            |    15 |    23 |    73 |   116 ||   227

Levels and vault maps discovered:
D:1:      hellmonk_arrival_library, layout_basic, minmay_hexomino_p4
D:2:      layout_loops_corners
D:3:      layout_loops_ring, serial_shops, nicolae_shop_advertising_works
          [nicolae_subvault_shop_adworks], nrook_uturn, grunt_ministairs_7,
          uniq_natasha
D:4:      layout_gridville, fedhas_altar_1
D:5:      layout_layer_cave, mainiacjoe_overflow_small_starburst, temple_green,
          nicolae_titane
D:6:      layout_cave_pools, zin_statuary, cheibriados_altar_1,
          grunt_temple_overflow_diamond, hangedman_decor_clover_reticule,
          uniq_edmund
D:7:      layout_basic, grunt_decor_cap, chequers_mini_garden
D:8:      layout_basic
D:9:      layout_gridville, mainiacjoe_overflow_alcove_1, uniq_prince_ribbit1
D:10:     layout_gridville, nicolae_overflow_hidden_temple
D:11:     layout_loops_ring, dpeg_oklobed_lair, uniq_maurice, uniq_fannar,
          uniq_gastronok
Temple:   chequers_temple_sunken

Notes
Turn   | Place    | Note
-------+----------+-------------------------------------------
     0 | D:1      | Drazool the Octopode Summoner began the quest for the Orb.
     0 | D:1      | Reached XP level 1. HP: 11/11 MP: 3/3
   283 | D:1      | Reached XP level 2. HP: 17/17 MP: 1/5
   286 | D:1      | Learned a level 2 spell: Call Imp
   642 | D:1      | Reached XP level 3. HP: 21/21 MP: 3/6
   646 | D:1      | Learned a level 3 spell: Call Canine Familiar
   693 | D:1      | Reached skill level 5 in Summonings
  1164 | D:2      | Identified the ring of Relativism {^Contam Will++ MP+9
                  | Str-3 Dex+9}
  1680 | D:2      | Reached XP level 4. HP: 27/27 MP: 7/7
  2663 | D:3      | Noticed Natasha
  2667 | D:3      | Killed Natasha
  2668 | D:3      | Reached skill level 3 in Spellcasting
  2668 | D:3      | Reached XP level 5. HP: 30/31 MP: 9/9
  2673 | D:3      | Learned a level 4 spell: Summon Blazeheart Golem
  2805 | D:3      | Reached skill level 1 in Fire Magic
  2878 | D:3      | Noticed Natasha
  2883 | D:3      | Killed Natasha
  2947 | D:3      | Reached skill level 2 in Fire Magic
  3125 | D:3      | Found Laukkeja's Antique Weapon Boutique.
  3302 | D:3      | Noticed Natasha
  3308 | D:3      | Killed Natasha
  3434 | D:4      | Reached skill level 3 in Fire Magic
  3434 | D:4      | Reached XP level 6. HP: 36/36 MP: 10/10
  3662 | D:4      | Reached skill level 4 in Fire Magic
  3721 | D:4      | Found a blossoming altar of Fedhas.
  3965 | D:4      | Identified the +0 quarterstaff of Light {heavy, rN+ Str+2
                  | Int-4 Stlth+}
  4280 | D:5      | Entered Level 5 of the Dungeon
  4280 | D:5      | Found a hide-covered altar of Uskayaw.
  4293 | D:5      | Reached skill level 5 in Fire Magic
  4293 | D:5      | Reached XP level 7. HP: 24/42 MP: 11/11
  4518 | D:5      | Reached skill level 1 in Fighting
  4895 | D:5      | Reached skill level 2 in Fighting
  5006 | D:5      | Reached skill level 3 in Fighting
  5006 | D:5      | Reached skill level 3 in Dodging
  5131 | D:5      | You are sucked into a shaft and drop 3 floors!
  5147 | D:8      | Noticed a yak
  5193 | D:8      | Reached skill level 3 in Stealth
  5249 | D:8      | Reached skill level 4 in Stealth
  5264 | D:8      | Reached skill level 5 in Stealth
  5264 | D:8      | Reached XP level 8. HP: 31/52 MP: 12/12
  5471 | D:8      | Reached skill level 6 in Stealth
  5624 | D:7      | Identified the ring "Kiboh" {MP+9 Dex+3 Slay+3}
  6031 | D:8      | Reached skill level 4 in Spellcasting
  6118 | D:8      | Noticed a wyvern
  6126 | D:8      | Killed a wyvern
  6127 | D:8      | Reached skill level 5 in Spellcasting
  6476 | D:7      | Reached skill level 6 in Summonings
  6629 | D:5      | Found a staircase to the Ecumenical Temple.
  6636 | Temple   | Entered the Ecumenical Temple
  7187 | D:6      | Reached XP level 9. HP: 53/56 MP: 16/16
  7266 | D:6      | Reached skill level 7 in Summonings
  7429 | D:6      | Reached skill level 6 in Fire Magic
  7547 | D:6      | Found a shimmering altar of Xom.
  7551 | D:6      | Found a shimmering blue altar of Sif Muna.
  7554 | D:6      | Found a glowing golden altar of the Shining One.
  7559 | D:6      | Became a worshipper of Sif Muna the Loreminder
  7609 | D:6      | Noticed Edmund
  7613 | D:6      | Found a snail-covered altar of Cheibriados.
  7616 | D:6      | Killed Edmund
  7617 | D:6      | Reached skill level 7 in Fire Magic
  7617 | D:6      | Reached skill level 4 in Dodging
  7663 | D:6      | Reached skill level 4 in Fighting
  7812 | D:6      | Reached skill level 1 in Invocations
  8036 | D:6      | Reached skill level 2 in Invocations
  8085 | D:6      | Found a glowing silver altar of Zin.
  8105 | D:6      | Reached skill level 3 in Invocations
  8417 | D:7      | Reached skill level 4 in Invocations
  8649 | D:7      | Reached skill level 5 in Invocations
  8654 | D:7      | Learned a level 4 spell: Summon Lightning Spire
  9117 | D:8      | Reached skill level 6 in Spellcasting
  9117 | D:8      | Reached skill level 2 in Air Magic
  9117 | D:8      | Reached XP level 10. HP: 63/63 MP: 19/19
  9120 | D:8      | Reached skill level 3 in Air Magic
  9611 | D:9      | Noticed Prince Ribbit
  9613 | D:9      | Noticed a two-headed ogre
  9627 | D:9      | Killed a two-headed ogre
  9628 | D:9      | Reached skill level 5 in Air Magic
  9631 | D:9      | Killed Prince Ribbit
  9846 | D:9      | Noticed a two-headed ogre
  9863 | D:9      | Killed a two-headed ogre
  9863 | D:9      | Reached * piety under Sif Muna
  9864 | D:9      | Reached skill level 6 in Air Magic
  9902 | D:9      | Reached skill level 7 in Air Magic
 10018 | D:9      | Reached skill level 5 in Dodging
 10382 | D:9      | Found a basalt altar of Yredelemnul.
 10563 | D:10     | Entered Level 10 of the Dungeon
 10623 | D:10     | Reached skill level 6 in Dodging
 10767 | D:10     | Reached XP level 11. HP: 51/69 MP: 20/20
 10942 | D:10     | Found a bloodstained altar of Trog.
 10942 | D:10     | Noticed a two-headed ogre
 10952 | D:10     | Killed a two-headed ogre
 10953 | D:10     | Reached skill level 8 in Summonings
 11469 | D:10     | Reached skill level 9 in Summonings
 11710 | D:11     | Noticed Maurice
 11973 | D:11     | Something stole a +3 whip of freezing
 12076 | D:11     | Noticed Gastronok
 12249 | D:11     | Noticed Fannar
 12280 | D:11     | Killed Fannar
 12281 | D:11     | Reached skill level 10 in Summonings
 12281 | D:11     | Reached skill level 1 in Shapeshifting
 12288 | D:11     | Reached skill level 2 in Shapeshifting
 12454 | D:11     | Something stole a maw talisman
 12495 | D:11     | Found the +0 toga "Victory" {*Victory Clar}
 12686 | D:11     | Reached skill level 3 in Shapeshifting
 12699 | D:11     | Killed Maurice
 12810 | D:11     | Reached skill level 4 in Shapeshifting
 12952 | D:11     | Noticed an oklob plant
 13041 | D:11     | Noticed a manticore
 13048 | D:11     | Identified a potion of resistance
 13049 | D:11     | Gained mutation: Your muscles are strong. (Str +4, Int/Dex
                  | -1) [potion of mutation]
 13049 | D:11     | Gained mutation: Your health recovers twice as slowly from
                  | being drained. [potion of mutation]
 13049 | D:11     | Gained mutation: Your muscles are very strong. (Str +8,
                  | Int/Dex -2) [potion of mutation]
 13050 | D:11     | Killed a manticore
 13051 | D:11     | Reached skill level 5 in Shapeshifting
 13076 | D:11     | Killed from afar by Gastronok

Vanquished Creatures
  Fannar (D:11)
  3 two-headed ogres
  A manticore (D:11)
  Maurice (D:11)
  2 gargoyles (D:11)
  2 unseen horrors
  A komodo dragon (D:11)
  A troll (D:11)
  A wraith (D:11)
  12 yaks
  2 vampire mosquitoes (D:11)
  2 nameless horrors
  A water moccasin (D:6)
  2 ice beasts (D:6)
  3 orc warriors
  2 centaurs
  An ogre (D:6)
  A kobold brigand (D:7)
  2 gnoll sergeants
  A wight (D:7)
  A howler monkey (D:7)
  2 jellies
  A gnoll bouda (D:9)
  An orc priest (D:6)
  Natasha (D:3)
  2 orc wizards
  3 gnolls
  2 adders
  An ufetubus (D:6)
  3 orcs
  A ball python (D:2)
  4 bats
  An endoplasm (D:4)
  A goblin (D:1)
  2 hobgoblins
  2 jackals (D:2)
  A quokka (D:2)
  4 kobolds
  A rat (D:2)
76 creatures vanquished.

Vanquished Creatures (collateral kills)
  Prince Ribbit (D:9)
  A wyvern (D:8)
  3 yaks
  A vampire mosquito (D:11)
  Edmund (D:6)
  A sky beast (D:6)
  An ogre (D:5)
  2 phantoms
  4 centaurs
  A kobold brigand (D:9)
  A gnoll sergeant (D:8)
  3 bullfrogs
  3 scorpions
  2 wights (D:7)
  5 howler monkeys
  4 orc priests
  3 bombardier beetles
  2 jellies
  A hound (D:5)
  A sleepcap (D:7)
  Natasha (twice) (D:3)
  5 orc wizards
  15 gnolls
  9 adders
  An ufetubus (D:6)
  A dart slug (D:1)
  27 orcs
  8 ball pythons
  3 bats
  13 endoplasms
  5 giant cockroaches
  3 goblins
  4 hobgoblins
  17 kobolds
  3 frilled lizards
  6 rats
163 creatures vanquished.

Vanquished Creatures (others)
  39 blazeheart cores
39 creatures vanquished.

Grand Total: 278 creatures vanquished

Table legend: (Time is in decaauts)
 A = Elapsed time spent in this place.
 B = Non-inter-level travel time spent in this place.
 C = Inter-level travel time spent in this place.
 D = Time resting spent in this place.
 E = Time spent auto-exploring this place.
 F = Levels seen in this place.
 G = Mean time per level.
                   A        B        C        D        E       F      G
               +--------+--------+--------+--------+--------+-----+--------+
         Total |  13079 |  12599 |    480 |   1391 |   8257 |  12 | 1089.9 |
       Dungeon |  13077 |  12597 |    480 |   1391 |   8257 |  11 | 1188.8 |
        Temple |      1 |      1 |      0 |      0 |      0 |   1 |    1.0 |
               +--------+--------+--------+--------+--------+-----+--------+

Top non-repeatable levels by time:
     D:5: 1499 daAuts
    D:10: 1402 daAuts
     D:8: 1313 daAuts
     D:9: 1175 daAuts
     D:2: 1164 daAuts
     D:7: 1161 daAuts
     D:6: 1133 daAuts
    D:11: 1112 daAuts
     D:3: 1090 daAuts
     D:1: 1079 daAuts
     D:4: 944 daAuts
  Temple: 1 daAuts

Table legend:
 A = Non-vault XP
 B = Vault XP
 C = Vault XP percentage of total XP
 D = Non-vault monster count
 E = Vault monster count
 F = Vault count percentage of total count
                 A         B        C        D         E       F
            +---------+---------+-------+---------+---------+-------
      Total |   14376 |    1908 |  11.7 |     226 |      11 |   4.6
            +---------+---------+-------+---------+---------+-------
        D:1 |      44 |       7 |  13.7 |      25 |       4 |  13.8
        D:2 |      46 |       0 |   0.0 |      21 |       0 |   0.0
        D:3 |     165 |      39 |  19.1 |      22 |       3 |  12.0
        D:4 |     284 |       0 |   0.0 |      25 |       0 |   0.0
        D:5 |     527 |       0 |   0.0 |      10 |       0 |   0.0
        D:6 |    1343 |     173 |  11.4 |      26 |       1 |   3.7
        D:7 |     961 |       0 |   0.0 |      19 |       0 |   0.0
        D:8 |    1714 |       0 |   0.0 |      25 |       0 |   0.0
        D:9 |    2822 |     291 |   9.3 |      22 |       1 |   4.3
       D:10 |    3041 |       0 |   0.0 |      12 |       0 |   0.0
       D:11 |    3429 |    1398 |  29.0 |      19 |       2 |   9.5
            +---------+---------+-------+---------+---------+-------
